Map: Goldenaura LE

Players

Nisho - Winner!

  • Race: Protoss Protoss
  • League: Master
  • Spawn Location: 5:00

Gumidek

  • Race: Zerg Zerg
  • League: Grandmaster
  • Spawn Location: 12:00

VOD

Have the link to the VOD?

Description

Time

  • Played on: July 26, 2024, 4:10 p.m.
  • Length: 12:16
Show
View Real Time Build Order
Export as new Build Order

Nisho Protoss - Winner!

Build Orders: 1 Gate Expand, Oracle Opening, Archon Immortal, Archon Drop 

Get SALT Encoding   

  12  0:00  Probe  
  13  0:12  Probe  
  14  0:17  Pylon  
  14  0:24  Probe (Chrono Boost)  
  15  0:37  Probe (Chrono Boost)  
  15  0:38  Gateway  
  16  0:45  Probe (Chrono Boost)  
  16  0:48  Assimilator  
  17  0:53  Probe  
  18  1:05  Probe  
  19  1:17  Probe  
  20  1:25  Nexus  
  20  1:35  Cybernetics Core  
  20  1:39  Probe  
  21  1:47  Assimilator  
  21  1:51  Probe  
  22  1:55  Pylon  
  22  2:03  Probe  
  23  2:11  Adept (Chrono Boost)  
  23  2:15  Probe  
  26  2:20  Stargate  
  26  2:27  Probe  
  26  2:29  Warp Gate  
  27  2:33  Adept (Chrono Boost)  
  29  2:40  Probe (Chrono Boost)  
  31  2:45  Probe (Chrono Boost)  
  31  2:49  Probe (Chrono Boost)  
  32  2:53  Probe (Chrono Boost)  
  32  2:54  Probe (Chrono Boost)  
  34  3:03  Probe  
  38  3:05  Oracle  
  38  3:06  Probe  
  39  3:14  Pylon  
  39  3:16  Probe  
  39  3:18  Probe  
  41  3:20  Gateway  
  41  3:28  Probe  
  42  3:37  Nexus  
  42  3:42  Pylon  
  42  3:44  Probe x2  
  44  3:55  Twilight Council  
  44  3:57  Probe  
  44  3:58  Probe, Robotics Facility  
  46  4:09  Assimilator, Probe  
  47  4:11  Probe  
  47  4:13  Assimilator  
  48  4:21  Zealot  
  48  4:22  Zealot  
  52  4:24  Probe  
  51  4:32  Probe  
  51  4:36  Probe  
  47  4:39  Adept  
  47  4:44  Adept  
  47  4:45  Probe  
  52  4:48  Warp Prism  
  52  4:49  Gateway  
  52  4:50  Gateway  
  52  4:51  Probe  
  55  4:53  Zealot  
  55  4:57  Probe  
  55  4:58  Probe  
  59  5:00  Zealot  
  59  5:03  Probe  
  62  5:07  Shield Battery  
  62  5:10  Probe x2  
  62  5:12  Pylon  
  64  5:17  Templar Archives  
  64  5:18  Probe  
  65  5:23  Probe (Chrono Boost)  
  65  5:28  Observer, Gateway  
  66  5:31  Probe x2 (Chrono Boost)  
  66  5:34  Charge  
  66  5:35  Probe (Chrono Boost)  
  70  5:39  Stalker  
  70  5:41  Probe (Chrono Boost)  
  70  5:42  Pylon x2  
  73  5:43  Probe x2 (Chrono Boost)  
  73  5:47  Probe  
  76  5:55  High Templar x3  
  82  5:58  Probe x2  
  82  6:01  Archon  
  82  6:03  Assimilator, High Templar  
  86  6:05  Assimilator  
  86  6:06  Pylon  
  86  6:07  Archon  
  86  6:08  Immortal  
  90  6:14  Probe  
  90  6:18  Pylon  
  91  6:23  Probe x2  
  91  6:24  Gateway  
  93  6:26  Gateway, Robotics Facility  
  93  6:28  Probe  
  94  6:35  Probe, Gateway  
  94  6:37  Gateway  
  95  6:43  Gateway  
  95  6:45  Probe x2, Gateway  
  97  6:50  Immortal (Chrono Boost)  
  97  6:51  Zealot  
  97  6:53  Pylon  
  103  7:04  Zealot x3  
  109  7:11  Psionic Storm, Forge  
  109  7:14  Immortal (Chrono Boost)  
  109  7:15  Pylon  
  113  7:24  High Templar x3  
  113  7:25  Immortal (Chrono Boost)  
  123  7:34  Shield Battery  
  123  7:42  Pylon  
  123  7:43  Pylon  
  122  7:44  Pylon  
  122  7:47  Immortal (Chrono Boost)  
  126  7:56  High Templar  
  132  7:58  Immortal (Chrono Boost)  
  132  8:00  Protoss Ground Weapons Level 1 (Chrono Boost)  
  132  8:06  Pylon  
  132  8:07  Pylon  
  132  8:09  Gateway  
  132  8:11  Gateway  
  132  8:20  Pylon, Nexus  
  132  8:23  Immortal (Chrono Boost)  
  132  8:24  High Templar x2  
  132  8:25  High Templar  
  132  8:26  High Templar  
  144  8:33  Archon  
  144  8:34  Archon  
  143  8:42  Immortal  
  143  8:48  Zealot x7  
  152  9:06  Immortal  
  148  9:10  Zealot  
  148  9:11  Zealot x9  
  166  9:21  Immortal  
  144  9:24  Archon  
  132  9:35  High Templar x2  
  124  9:45  Immortal  
  124  9:50  High Templar x2  
  128  9:55  Pylon, Archon  
  128  9:56  Zealot x4  
  128  9:57  Nexus, Zealot  
  138  10:00  Immortal  
  138  10:04  Probe x2  
  138  10:05  Probe  
  141  10:16  Probe  
  126  10:21  Archon  
  126  10:24  Observer  
  119  10:33  High Templar x3  
  125  10:35  Zealot x5  
  125  10:36  Zealot x2  
  125  10:39  Immortal  
  146  10:42  Immortal  
  146  10:49  Nexus  
  134  10:51  Pylon  
  134  10:53  High Templar x2  
  130  11:11  Photon Cannon  
  130  11:15  High Templar x2  
  130  11:16  Photon Cannon  
  134  11:19  Immortal  
  134  11:20  Shield Battery  
  134  11:21  Photon Cannon  
  134  11:23  Shield Battery  
  134  11:25  Archon  
  138  11:28  Zealot  
  138  11:29  Zealot  
  124  11:55  High Templar x2  
  124  11:56  High Templar x2  
  124  11:57  Zealot x2  
  124  11:58  Zealot x7  
  148  12:01  Archon  
  148  12:02  Archon  
  136  12:11  Archon x2  
Show
View Real Time Build Order
Export as new Build Order

Gumidek Zerg 

Build Orders: Hatch First, Lurkers, Roach Hydra 

Get SALT Encoding   

  12  0:00  Drone  
  13  0:12  Overlord  
  13  0:16  Drone  
  14  0:30  Drone  
  14  0:31  Drone  
  16  0:47  Hatchery  
  15  0:51  Drone  
  15  0:55  Drone  
  17  0:59  Drone  
  18  1:10  Extractor  
  17  1:14  Spawning Pool  
  17  1:17  Drone  
  17  1:23  Drone  
  18  1:31  Drone  
  19  1:39  Drone  
  20  1:51  Drone  
  21  2:01  Queen  
  21  2:02  Queen  
  21  2:03  Zergling x2  
  21  2:04  Overlord  
  26  2:11  Drone  
  26  2:14  Drone  
  28  2:17  Metabolic Boost  
  28  2:24  Drone x2  
  30  2:37  Hatchery  
  30  2:43  Drone x2  
  31  2:45  Zergling x2  
  31  2:48  Overlord  
  32  2:54  Queen  
  32  2:58  Drone  
  35  2:59  Drone  
  36  3:06  Zergling x4  
  38  3:15  Drone x2  
  38  3:16  Queen, Drone  
  38  3:19  Overlord  
  43  3:27  Drone  
  44  3:36  Queen, Spore Crawler  
  44  3:37  Overlord  
  45  3:43  Drone x2  
  45  3:44  Drone  
  48  3:50  Zergling x6  
  48  3:51  Zergling x2  
  48  3:52  Queen  
  48  3:54  Zergling x2  
  55  3:59  Zergling x4  
  57  4:04  Zergling x2  
  57  4:05  Zergling x6  
  61  4:17  Drone  
  61  4:18  Drone x3  
  63  4:27  Drone x4  
  63  4:32  Drone x2  
  63  4:36  Overlord x4  
  64  4:46  Drone  
  64  4:47  Lair  
  64  4:49  Roach Warren  
  64  4:53  Evolution Chamber  
  64  4:55  Drone x5  
  64  4:56  Drone  
  66  5:07  Drone x8  
  66  5:08  Drone  
  75  5:19  Drone x4  
  78  5:21  Zerg Missile Weapons Level 1  
  78  5:22  Extractor  
  78  5:24  Extractor  
  76  5:28  Extractor  
  76  5:29  Extractor, Drone x3  
  76  5:33  Overlord  
  76  5:34  Hatchery  
  76  5:35  Drone x4  
  80  5:44  Drone  
  80  5:45  Drone  
  80  5:47  Overlord x2  
  80  5:48  Extractor  
  81  5:51  Drone  
  81  5:52  Hydralisk Den, Drone  
  81  5:53  Drone x2  
  81  5:54  Drone x2  
  86  5:57  Overlord x2  
  86  5:58  Glial Reconstitution  
  86  6:02  Drone x3  
  89  6:11  Spore Crawler  
  89  6:12  Spore Crawler  
  89  6:13  Drone x6  
  93  6:19  Roach  
  93  6:22  Roach x3  
  93  6:25  Roach x3  
  107  6:28  Overlord x2  
  107  6:32  Muscular Augments  
  107  6:33  Hydralisk  
  107  6:34  Hydralisk  
  107  6:37  Hydralisk x2  
  115  6:47  Drone  
  116  6:51  Hydralisk x4  
  116  6:52  Hydralisk x2  
  128  6:55  Overlord  
  128  7:03  Roach  
  128  7:04  Roach x6  
  128  7:05  Overlord  
  128  7:06  Overseer  
  142  7:12  Overlord  
  142  7:13  Overlord  
  142  7:14  Overlord x2  
  142  7:20  Spore Crawler  
  141  7:24  Zerg Missile Weapons Level 2  
  141  7:32  Roach x12  
  165  7:39  Roach  
  165  7:40  Roach x5  
  165  7:43  Overlord  
  177  7:45  Grooved Spines  
  177  7:55  Roach  
  177  7:56  Roach x6  
  177  7:58  Overlord x2  
  191  8:05  Ravager x2  
  193  8:08  Zergling x12  
  199  8:17  Hatchery, Zergling x4  
  199  8:28  Infestation Pit  
  198  8:40  Lurker Den  
  197  8:41  Evolution Chamber  
  197  8:42  Extractor x2  
  190  8:57  Roach x9  
  186  9:08  Roach x13  
  153  9:26  Hydralisk x12  
  157  9:34  Zergling x22  
  162  9:42  Zergling x2  
  162  9:43  Zergling x12  
  161  9:49  Lurker x3  
  161  9:51  Lurker  
  165  9:54  Drone x4  
  165  9:56  Drone  
  165  9:57  Drone  
  171  10:02  Lurker  
  171  10:04  Lurker  
  173  10:07  Overseer  
  138  10:22  Zergling x30  
  152  10:35  Zergling x18  
  161  10:42  Roach x3  
  139  10:59  Roach x8  
  155  11:08  Lurker x3  
  155  11:10  Lurker  
  159  11:12  Lurker  
  159  11:13  Lurker  
  159  11:15  Lurker, Spine Crawler  
  159  11:16  Spine Crawler  
  159  11:17  Lurker  
  161  11:18  Lurker  
  161  11:20  Lurker  
  163  11:26  Ravager x5  
  127  11:47  Roach x13  
  127  11:48  Roach  
  127  11:50  Roach  
Tags
 
Add a new tag
Caveats
  • Supply blocks, unpowered buildings, or Contaminate may cause inaccurate times.
  • Supply counts are checked every 10 seconds.